 Dungeon Crawl Stone Soup version 0.30-a0-802-gb92711bcdf (webtiles) character file.

Game seed: 18119738546537625437

57 bande the Covered (level 4, 0/29 HPs)
             Began as a Gargoyle Fighter on Feb 23, 2023.
             Slain by Pargi (3 damage)
             ... in a sewer.
             The game lasted 00:01:59 (1263 turns).

bande the Covered (Gargoyle Fighter)                Turns: 1263, Time: 00:02:00

Health: 0/29       AC: 13    Str: 20    XL:     4   Next: 0%
Magic:  4/4        EV:  9    Int:  8    God:
Gold:   101        SH:  4    Dex: 11    Spells: 3/3 levels left

rFire   . . .      SeeInvis .    a - +0 war axe
rCold   . . .      Faith    .    c - +0 buckler
rNeg    + . .      Spirit   .    b - +0 scale mail
rPois   ∞          Reflect  .    (no helmet)
rElec   +          Harm     .    (no cloak)
rCorr   .          Rampage  .    i - +2 pair of gloves
Will    .....                    (no boots) Stlth
                                 (no amulet)
HPRegen 0.24/turn                (no ring)
MPRegen 0.09/turn                (no ring)

@: no status effects
A: sickness immunity, AC +3, negative energy resistance 1, electricity
resistance, torment resistance 1, petrification resistance
a: no special abilities


You were in a sewer.
You visited 1 branch of the dungeon, and saw 3 of its levels.
You also visited: Sewer.

You collected 101 gold pieces.

Inventory:

Hand Weapons
 a - a +0 war axe (weapon)
Armour
 b - a +0 scale mail (worn)
 c - a +0 buckler (worn)
 i - a +2 pair of gloves (worn)
Scrolls
 f - 3 scrolls of identify
 l - a scroll of poison
 p - a scroll of noise
Potions
 d - 2 potions of might
 e - a potion of degeneration {unknown}
 g - 3 potions of curing
 j - 2 potions of haste {unknown}
 k - a potion of brilliance {unknown}
 n - a potion of berserk rage {unknown}
 o - a potion of lignification {unknown}


   Skills:
 + Level 3.7 Fighting
 + Level 2.5 Axes
 + Level 3.9 Armour
 + Level 3.7 Shields


You had 3 spell levels left.
You didn't know any spells.
Your spell library was empty.

Dungeon Overview and Level Annotations

Branches:
Dungeon (3/15)              Sewer (1/1)

Altars:

Shops:
D:2 [

Annotations:
Sewer Pargi


Innate Abilities, Weirdness & Mutations

You are immune to sickness and miasma.
Your stone body is resilient. (AC +3)
You are immune to poison.
You resist negative energy. (rN+)
You are resistant to electric shocks. (rElec)
You are resistant to unholy torment.
You are immune to petrification.


Message History

You are too injured to fight recklessly!
You are too injured to fight recklessly!
You are too injured to fight recklessly!
You barely miss Pargi.
Pargi is heavily wounded.
Pargi barely misses you. Pargi closely misses you. Pargi claws you.
You hit Pargi but do no damage.
Pargi is moderately wounded.
You block Pargi's attack. Pargi closely misses you. You block Pargi's attack.
Pargi misses you. Pargi claws you but does no damage. x2
You miss Pargi.
Pargi is moderately wounded.
Pargi barely misses you. Pargi claws you but does no damage. Pargi claws you.
You slash Pargi!
Pargi is heavily wounded.
Pargi bites you.
* * * LOW HITPOINT WARNING * * *
Pargi claws you but does no damage. x2; Pargi bites you but does no damage.
Pargi barely misses you. Pargi closely misses you.
You completely miss Pargi.
Pargi is heavily wounded.
Pargi barely misses you. Pargi claws you but does no damage. x2
You slash Pargi!
Pargi is severely wounded.
Pargi bites you.
* * * LOW HITPOINT WARNING * * *
Pargi claws you but does no damage. x2
You hit Pargi.
Pargi is severely wounded.
Pargi bites you but does no damage. Pargi claws you but does no damage.
Pargi misses you. Pargi bites you but does no damage. Pargi misses you.
Pargi barely misses you.
You hit Pargi but do no damage.
Pargi is severely wounded.
Pargi completely misses you. Pargi claws you but does no damage. x2
You barely miss Pargi.
Pargi is heavily wounded.
Pargi snarls, "My home!
Leave!"
Pargi bites you.
You die...

##### #
[?#. !
.#~#~
#...#
##~..##
#~..T~#
#...@.##
#..~#~..#
#..
##..##
#.. #...#
#. ##..#
#. #~.#
#.~ #..#
#.~#
##..#
#.~~
#.~.#


You could see Pargi.

Vanquished Creatures
  A river rat (D:3)
  An adder (D:2)
  2 dart slugs (D:1)
  6 ball pythons
  3 endoplasms (D:1)
  A giant cockroach (D:1)
  4 goblins
  3 hobgoblins
  2 kobolds (D:2)
  A quokka (D:1)
  2 bats
  2 frilled lizards (D:1)
  7 rats
35 creatures vanquished.

Notes
Turn   | Place    | Note
-------+----------+-------------------------------------------
     0 | D:1      | bande the Gargoyle Fighter began the quest for the Orb.
     0 | D:1      | Reached XP level 1. HP: 14/14 MP: 1/1
   100 | D:1      | Reached XP level 2. HP: 19/19 MP: 2/2
   566 | D:2      | Reached XP level 3. HP: 23/23 MP: 3/3
   954 | D:2      | Found Ylabbix's Antique Armour Emporium.
  1158 | D:3      | Found a glowing drain.
  1169 | D:3      | Reached XP level 4. HP: 17/29 MP: 4/4
  1182 | Sewer    | Entered a sewer
  1242 | Sewer    | Noticed Pargi
  1263 | Sewer    | Slain by Pargi

Illustrated notes

Levels and vault maps discovered:
D:1:      dpeg_arrival_rhombus, layout_rooms
D:2:      layout_loops_ring, serial_shops, nicolae_diamond_shop
D:3:      minmay_roachtagon, layout_basic, portal_sewer_entry_a,
          serial_park_tiny_pond
Sewer:    sewer_the_moccasin

Skill      XL: |  1  2 |
---------------+-------+-----
Axes           | 2 |  2.5
Fighting       | |  3.7
Armour         | |  3.9
Shields        | |  3.7

Action                     |  1- 3 |  4- 6 || total
---------------------------+-------+-------++-------
  Melee: War axe           |    82 |    19 ||   101
    Use: Scroll            |     6 |       ||     6
 Armour: Scale mail        |    47 |    35 ||    82
  Dodge: Dodged            |    45 |    27 ||    72
  Block: Buckler           |    11 |     3 ||    14

Table legend: (Time is in decaauts)
 A = Elapsed time spent in this place.
 B = Non-inter-level travel time spent in this place.
 C = Inter-level travel time spent in this place.
 D = Time resting spent in this place.
 E = Time spent auto-exploring this place.
 F = Levels seen in this place.
 G = Mean time per level.
                   A        B        C        D        E       F      G
               +--------+--------+--------+--------+--------+-----+--------+
         Total |   1312 |   1276 |     36 |      0 |    985 |   4 |  328.0 |
       Dungeon |   1219 |   1183 |     36 |      0 |    923 |   3 |  406.3 |
         Sewer |     92 |     92 |      0 |      0 |     62 |   1 |   92.0 |
               +--------+--------+--------+--------+--------+-----+--------+

Top non-repeatable levels by time:
     D:1: 576 daAuts
     D:2: 571 daAuts
   Sewer: 92 daAuts
     D:3: 71 daAuts
